Map: [ESL] Data-C

Players

Gerald - Winner!

  • Race: Protoss Protoss
  • Spawn Location: 3:00

ForJumy

  • Race: Protoss Protoss
  • Spawn Location: 9:00

Event: DreamHack SC2 Masters 2022 Atlanta (Online)

VOD

Have the link to the VOD?

Description

Time

  • Played on: Sept. 30, 2022, 1:17 p.m.
  • Length: 37:46

All games in this series

Show
View Real Time Build Order
Export as new Build Order

Gerald Protoss - Winner!

Build Orders: Blink Stalkers 

Get SALT Encoding   

  12  0:00  Probe  
  13  0:12  Probe  
  14  0:17  Pylon  
  14  0:24  Probe (Chrono Boost)  
  16  0:37  Probe (Chrono Boost), Gateway  
  16  0:43  Probe (Chrono Boost)  
  16  0:46  Assimilator  
  17  0:51  Probe  
  17  0:55  Assimilator  
  18  1:03  Probe (Chrono Boost)  
  19  1:13  Probe (Chrono Boost), Gateway  
  19  1:18  Probe (Chrono Boost)  
  21  1:25  Cybernetics Core  
  21  1:30  Probe  
  22  1:37  Pylon  
  22  1:43  Probe  
  23  1:55  Probe  
  24  2:03  Stalker, Pylon  
  24  2:04  Stalker  
  28  2:11  Warp Gate, Probe  
  29  2:19  Pylon  
  29  2:23  Probe  
  30  2:33  Stalker  
  30  2:36  Stalker  
  35  2:47  Shield Battery  
  35  2:48  Probe  
  35  2:54  Twilight Council  
  35  3:00  Probe  
  35  3:20  Nexus  
  35  3:23  Probe  
  36  3:35  Probe  
  36  3:36  Blink (Chrono Boost)  
  37  3:47  Probe  
  38  3:49  Pylon  
  38  4:02  Stalker  
  39  4:07  Probe  
  40  4:13  Robotics Facility  
  40  4:16  Shield Battery  
  40  4:19  Probe  
  41  4:30  Stalker  
  43  4:31  Probe (Chrono Boost)  
  43  4:34  Probe (Chrono Boost)  
  46  4:46  Probe (Chrono Boost)  
  46  4:49  Probe (Chrono Boost)  
  46  4:50  Stalker  
  49  4:53  Gateway  
  49  4:54  Probe (Chrono Boost)  
  49  4:56  Probe (Chrono Boost)  
  49  4:58  Stalker  
  53  5:01  Observer (Chrono Boost)  
  53  5:02  Probe  
  53  5:07  Assimilator  
  55  5:08  Pylon  
  55  5:13  Probe  
  57  5:14  Observer (Chrono Boost)  
  57  5:16  Stalker  
  59  5:21  Pylon  
  59  5:23  Probe  
  60  5:35  Probe  
  61  5:36  Stalker  
  61  5:40  Probe  
  64  5:43  Nexus  
  64  5:47  Probe  
  63  5:52  Probe  
  63  5:56  Dark Shrine  
  64  6:03  Forge  
  64  6:06  Probe (Chrono Boost)  
  64  6:08  Probe (Chrono Boost)  
  66  6:11  Observer  
  66  6:12  Stalker x2  
  66  6:17  Observer, Probe x2 (Chrono Boost)  
  73  6:20  Shield Battery  
  73  6:21  Probe (Chrono Boost)  
  73  6:22  Probe (Chrono Boost)  
  75  6:30  Stalker  
  75  6:32  Probe  
  78  6:37  Pylon  
  78  6:45  Protoss Ground Weapons Level 1  
  78  6:55  Probe x2 (Chrono Boost)  
  78  6:57  Adept x2  
  78  6:59  Probe (Chrono Boost)  
  85  7:03  Stalker  
  85  7:06  Probe (Chrono Boost)  
  85  7:07  Probe (Chrono Boost)  
  90  7:08  Probe (Chrono Boost)  
  90  7:11  Probe x2 (Chrono Boost), Assimilator  
  90  7:13  Probe (Chrono Boost)  
  90  7:15  Robotics Bay  
  93  7:21  Probe x2  
  95  7:23  Dark Templar x2, Gateway x2  
  99  7:30  Probe  
  99  7:31  Observer  
  100  7:41  Gateway  
  100  7:42  Observer  
  100  7:43  Photon Cannon  
  100  7:44  Shield Battery  
  100  7:45  Pylon  
  100  7:46  Robotics Bay, Pylon  
  100  7:47  Pylon  
  100  7:49  Assimilator  
  101  7:51  Probe  
  101  7:58  Pylon  
  101  8:04  Immortal (Chrono Boost)  
  104  8:10  Stalker  
  104  8:11  Stalker x2  
  110  8:15  Nexus  
  110  8:19  Pylon  
  104  8:39  Disruptor (Chrono Boost), Stalker x6  
  114  8:47  Pylon  
  117  8:50  Shield Battery  
  117  8:51  Photon Cannon  
  117  8:55  Probe  
  115  9:04  Probe  
  115  9:06  Photon Cannon, Stalker x4, Protoss Ground Weapons Level 2 (Chrono Boost)  
  115  9:07  Probe x2  
  115  9:09  Assimilator  
  126  9:16  Photon Cannon  
  126  9:17  Probe  
  126  9:19  Probe  
  126  9:23  Disruptor  
  131  9:25  Probe  
  131  9:29  Probe  
  131  9:30  Stalker x2  
  136  9:37  Probe  
  136  9:38  Stalker x2  
  141  9:39  Probe  
  141  9:40  Probe  
  141  9:42  Probe  
  144  9:49  Probe  
  144  9:51  Probe  
  144  9:52  Probe, Assimilator  
  147  9:55  Probe  
  147  9:56  Assimilator  
  147  9:58  Disruptor  
  147  9:59  Robotics Facility  
  151  10:05  Shield Battery, Photon Cannon  
  151  10:07  Pylon  
  151  10:09  Probe, Pylon  
  151  10:10  Charge  
  151  10:14  Stalker  
  154  10:31  Dark Templar  
  154  10:32  Dark Templar  
  154  10:34  Disruptor (Chrono Boost)  
  161  10:38  Nexus  
  161  10:40  Pylon  
  161  10:51  Probe  
  161  10:53  Observer, Pylon  
  161  10:54  Pylon  
  165  10:57  Disruptor (Chrono Boost)  
  165  10:59  Probe x2  
  165  11:02  Disruptor (Chrono Boost)  
  170  11:04  Observer  
  170  11:05  Gateway x2, Stalker x3  
  170  11:06  Stalker  
  178  11:17  Gateway  
  178  11:23  Photon Cannon  
  178  11:24  Photon Cannon  
  178  11:25  Disruptor  
  178  11:26  Shield Battery  
  178  11:28  Pylon  
  178  11:35  Disruptor  
  161  11:49  Stalker  
  161  11:50  Stalker  
  163  11:55  Stalker x2  
  163  11:56  Stalker x2  
  163  12:00  Gateway  
  171  12:02  Observer  
  171  12:03  Gateway  
  159  12:11  Disruptor  
  139  12:16  Stalker x3  
  139  12:18  Sentry  
  139  12:19  Probe  
  148  12:23  Disruptor  
  148  12:25  Probe  
  148  12:27  Observer  
  148  12:28  Probe  
  148  12:29  Pylon  
  153  12:31  Photon Cannon, Probe x2  
  153  12:34  Stargate  
  153  12:35  Stargate  
  155  12:37  Shield Battery, Probe  
  155  12:38  Shield Battery  
  155  12:39  Stalker x4  
  155  12:40  Shield Battery, Probe, Stalker  
  155  12:41  Photon Cannon  
  155  12:42  Photon Cannon  
  166  12:47  Disruptor  
  166  12:50  Probe  
  166  12:51  Probe x2  
  172  12:54  Stalker x3  
  172  12:57  Probe x2  
  182  13:08  Stalker x7  
  196  13:13  Observer  
  194  13:22  Disruptor  
  194  13:23  Assimilator  
  197  13:27  Assimilator, Stalker  
  197  13:31  Pylon  
  195  13:35  Stalker x2  
  195  13:37  Observer  
  195  13:39  Resonating Glaives  
  199  13:42  Observer  
  200  13:50  Fleet Beacon  
  200  14:01  Observer  
  198  14:06  Zealot x3  
  200  14:23  Stalker  
  200  14:24  Stalker  
  188  14:57  Disruptor  
  188  14:58  Tempest (Chrono Boost)  
  188  14:59  Probe  
  197  15:08  Disruptor  
  200  15:20  Nexus  
  182  15:33  Tempest (Chrono Boost)  
  182  15:35  Pylon  
  187  15:36  Unknown, Tempest (Chrono Boost)  
  187  15:39  Photon Cannon  
  187  15:42  Mothership, Photon Cannon x2  
  200  15:44  Shield Battery, Photon Cannon  
  200  15:46  Shield Battery  
  200  15:47  Shield Battery  
  200  15:48  Pylon  
  200  15:50  Pylon  
  200  16:07  Protoss Ground Weapons Level 3 (Chrono Boost)  
  200  16:14  Protoss Air Weapons Level 1 (Chrono Boost)  
  196  16:36  Tempest  
  199  16:48  Photon Cannon  
  180  17:12  Dark Templar  
  180  17:13  Dark Templar x8  
  187  17:18  Tempest  
  187  17:19  Tempest  
  197  17:24  Probe  
  197  17:27  Photon Cannon  
  197  17:28  Photon Cannon  
  198  17:30  Shield Battery  
  198  17:31  Observer  
  168  17:46  Dark Templar x5, Stalker  
  168  17:47  Stalker x3  
  155  17:55  Stalker x5  
  155  17:56  Disruptor  
  155  17:57  Disruptor  
  171  17:58  Archon x4  
  171  18:01  Tempest (Chrono Boost), Pylon  
  171  18:02  Photon Cannon  
  181  18:05  Shield Battery  
  181  18:07  Photon Cannon  
  181  18:09  Tempest (Chrono Boost)  
  141  18:20  Dark Templar x7  
  141  18:21  Nexus  
  154  18:28  Zealot x2  
  154  18:30  Pylon  
  154  18:31  Probe x2  
  154  18:32  Disruptor x2, Assimilator  
  154  18:33  Photon Cannon  
  161  18:34  Shield Battery  
  161  18:35  Tempest (Chrono Boost)  
  161  18:36  Assimilator  
  161  18:40  Pylon  
  162  18:42  Tempest (Chrono Boost)  
  162  18:46  Nexus  
  160  18:51  Photon Cannon, Stalker  
  160  18:52  Photon Cannon, Stalker  
  160  18:53  Shield Battery  
  160  18:55  Shield Battery  
  164  18:57  Pylon  
  164  19:03  Nexus  
  164  19:04  Pylon  
  164  19:07  Oracle  
  159  19:17  Tempest  
  158  19:31  Stalker x5  
  158  19:32  Stalker  
  158  19:35  Probe  
  171  19:41  Pylon  
  171  19:43  Tempest (Chrono Boost)  
  176  19:58  Disruptor  
  176  19:59  Disruptor  
  173  20:00  Zealot x4, Tempest (Chrono Boost)  
  186  20:09  Photon Cannon  
  186  20:10  Gravitic Boosters (Chrono Boost), Photon Cannon  
  186  20:12  Shield Battery  
  186  20:27  Assimilator  
  186  20:33  Warp Prism  
  186  20:35  Observer  
  189  20:46  Stalker x2  
  198  21:05  Tempest (Chrono Boost)  
  198  21:09  Assimilator  
  198  21:23  Nexus  
  198  21:26  Pylon  
  188  21:40  Tempest x2 (Chrono Boost)  
  188  21:43  Protoss Air Weapons Level 2  
  193  22:21  Nexus  
  193  22:22  Pylon  
  188  22:38  Tempest (Chrono Boost)  
  188  22:39  Oracle (Chrono Boost)  
  196  22:49  Protoss Shields Level 1 (Chrono Boost)  
  196  22:55  Dark Templar  
  196  22:56  Dark Templar  
  200  23:09  Dark Templar x2  
  198  23:19  Nexus  
  198  23:20  Pylon  
  198  23:25  Nexus  
  198  23:26  Pylon  
  198  23:29  Pylon  
  198  23:32  Pylon  
  198  23:36  Pylon  
  188  23:42  Disruptor x2  
  183  24:12  Tempest x2  
  193  24:17  Disruptor  
  193  24:18  Disruptor  
  199  24:45  Nexus  
  199  24:47  Pylon  
  199  24:49  Unknown, Assimilator  
  199  24:53  Assimilator  
  199  24:54  Photon Cannon x2  
  199  24:55  Shield Battery, Pylon  
  199  24:57  Photon Cannon  
  199  24:59  Photon Cannon  
  199  25:00  Shield Battery  
  199  25:01  Photon Cannon  
  199  25:05  Shield Battery  
  195  25:20  Oracle x2 (Chrono Boost)  
  192  25:31  Photon Cannon  
  192  25:32  Shield Battery  
  192  25:34  Stargate x2  
  192  26:15  Dark Templar x4  
  198  26:35  Zealot  
  194  27:02  Nexus  
  194  27:07  Fleet Beacon  
  188  27:29  Pylon x2  
  188  27:31  Pylon x2  
  188  27:33  Pylon  
  188  27:36  Archon  
  186  27:49  Nexus  
  186  27:50  Pylon  
  186  27:53  Pylon  
  186  27:55  Pylon  
  186  27:56  Pylon  
  186  27:58  Pylon  
  186  28:08  Tempest x2  
  186  28:27  Mothership (Chrono Boost)  
  186  28:30  Forge  
  194  29:04  Carrier  
  200  29:12  Nexus  
  200  29:13  Pylon  
  200  29:19  Protoss Ground Armor Level 1  
  200  29:24  Pylon  
  200  29:30  Nexus, Cybernetics Core  
  200  29:31  Pylon  
  196  29:55  Photon Cannon  
  196  29:57  Photon Cannon  
  196  29:59  Photon Cannon  
  192  30:15  Shield Battery  
  192  30:16  Shield Battery  
  192  30:17  Shield Battery  
  192  30:22  Pylon  
  192  30:23  Pylon  
  192  30:26  Photon Cannon  
  192  30:30  Pylon  
  165  31:07  Stalker  
  165  31:08  Probe  
  165  31:11  Robotics Facility  
  168  31:12  Robotics Facility  
  168  31:15  Carrier  
  192  31:34  Protoss Air Weapons Level 3 (Chrono Boost)  
  192  31:35  Zealot  
  177  31:53  Stargate  
  177  31:54  Nexus  
  177  31:55  Pylon  
  177  32:03  Pylon  
  177  32:04  Carrier, Robotics Bay  
  177  32:08  Probe (Chrono Boost)  
  178  32:14  Probe x2 (Chrono Boost)  
  180  32:17  Probe (Chrono Boost)  
  180  32:22  Probe (Chrono Boost)  
  178  32:26  Carrier (Chrono Boost)  
  180  32:41  Probe  
  180  32:42  Probe  
  180  32:43  Probe  
  183  32:52  Zealot  
  183  32:53  Probe  
  183  32:55  Probe x2  
  188  33:06  Disruptor x2 (Chrono Boost)  
  188  33:07  Observer  
  188  33:08  Nexus  
  194  33:21  Probe  
  195  33:33  Probe  
  193  34:01  Protoss Air Armor Level 1 (Chrono Boost)  
  193  34:06  Pylon  
  193  34:09  Pylon  
  193  34:10  Pylon  
  193  34:19  Gateway  
  193  34:21  Nexus, Gateway  
  193  34:23  Gateway  
  193  34:24  Pylon  
  193  34:38  Pylon  
  193  34:41  Assimilator  
  193  34:45  Assimilator, Pylon  
  193  35:00  Forge  
  146  35:26  Carrier  
  148  35:35  Stalker x3  
  154  35:38  Photon Cannon  
  154  35:41  Photon Cannon  
  154  35:42  Photon Cannon  
  154  35:44  Stargate  
  154  35:45  Stargate, Photon Cannon  
  154  35:47  Mothership  
  162  36:06  Zealot x3  
  168  36:22  Carrier x2  
  168  36:24  Carrier  
  168  36:31  Disruptor (Chrono Boost)  
  189  36:59  Disruptor (Chrono Boost)  
  189  37:04  Disruptor (Chrono Boost)  
  189  37:05  Probe  
  189  37:06  Probe x2  
  198  37:18  Probe x2  
Show
View Real Time Build Order
Export as new Build Order

ForJumy Protoss 

Build Orders: Carriers 

Get SALT Encoding   

  12  0:00  Probe  
  13  0:12  Probe  
  14  0:16  Pylon  
  14  0:24  Probe  
  15  0:35  Gateway  
  15  0:36  Probe (Chrono Boost)  
  16  0:46  Probe (Chrono Boost), Assimilator  
  17  0:51  Probe (Chrono Boost)  
  17  0:55  Assimilator  
  18  1:03  Probe (Chrono Boost)  
  19  1:09  Gateway  
  19  1:13  Probe (Chrono Boost)  
  19  1:18  Probe (Chrono Boost)  
  21  1:26  Cybernetics Core  
  21  1:31  Probe  
  22  1:37  Pylon  
  22  1:43  Probe  
  23  1:55  Probe  
  24  2:02  Warp Gate (Chrono Boost), Stalker x2  
  24  2:08  Probe  
  29  2:16  Pylon  
  29  2:21  Probe  
  30  2:26  Pylon  
  30  2:34  Adept  
  30  2:35  Adept  
  34  2:37  Probe  
  35  3:01  Nexus  
  34  3:07  Pylon  
  34  3:10  Sentry  
  38  3:12  Sentry  
  38  3:18  Probe  
  39  3:25  Shield Battery  
  37  3:35  Probe  
  37  3:36  Twilight Council  
  38  3:47  Stalker x2  
  42  3:51  Probe  
  43  4:04  Probe (Chrono Boost)  
  42  4:15  Dark Shrine, Probe (Chrono Boost)  
  42  4:16  Pylon  
  44  4:17  Probe (Chrono Boost)  
  44  4:19  Blink (Chrono Boost)  
  45  4:25  Probe (Chrono Boost)  
  45  4:26  Probe (Chrono Boost)  
  46  4:34  Assimilator  
  46  4:35  Probe (Chrono Boost)  
  46  4:37  Probe (Chrono Boost)  
  48  4:41  Pylon  
  48  4:44  Probe (Chrono Boost)  
  50  4:47  Probe (Chrono Boost), Stalker  
  50  4:49  Probe (Chrono Boost), Stalker  
  55  4:57  Probe  
  56  5:00  Gateway  
  56  5:01  Probe  
  57  5:09  Probe  
  57  5:12  Adept  
  57  5:13  Adept  
  63  5:14  Probe  
  63  5:17  Pylon  
  63  5:22  Probe  
  63  5:26  Probe  
  65  5:33  Nexus  
  61  5:36  Stalker  
  61  5:39  Stalker  
  65  5:44  Probe  
  65  5:47  Probe  
  65  5:48  Shield Battery  
  67  5:50  Gateway  
  67  5:56  Gateway  
  65  6:01  Stalker  
  67  6:05  Stalker  
  67  6:06  Probe  
  70  6:12  Robotics Facility, Probe  
  71  6:19  Pylon  
  71  6:20  Probe  
  71  6:25  Probe  
  73  6:28  Adept x2  
  73  6:29  Forge  
  77  6:34  Probe  
  77  6:36  Pylon  
  78  6:41  Probe (Chrono Boost)  
  78  6:43  Charge  
  78  6:46  Probe (Chrono Boost), Stalker  
  83  6:51  Probe (Chrono Boost)  
  83  6:53  Probe (Chrono Boost)  
  84  6:55  Stalker x2  
  84  6:56  Protoss Ground Weapons Level 1 (Chrono Boost)  
  84  6:57  Probe (Chrono Boost)  
  84  7:00  Probe (Chrono Boost)  
  92  7:01  Observer, Probe (Chrono Boost)  
  92  7:09  Gateway x2  
  92  7:17  Gateway  
  92  7:19  Gateway  
  92  7:22  Assimilator  
  92  7:23  Stalker  
  92  7:25  Observer  
  92  7:28  Stalker x2  
  99  7:31  Probe x2  
  99  7:34  Probe  
  100  7:37  Pylon  
  100  7:41  Photon Cannon  
  98  7:45  Robotics Bay, Probe  
  99  7:53  Stalker  
  99  7:55  Probe  
  99  7:56  Nexus  
  102  8:02  Stalker x2  
  106  8:05  Pylon  
  106  8:10  Assimilator  
  106  8:11  Probe  
  107  8:16  Stalker  
  109  8:20  Pylon  
  109  8:21  Pylon  
  109  8:23  Pylon  
  109  8:28  Stalker x3  
  109  8:29  Observer (Chrono Boost)  
  116  8:36  Observer  
  116  8:37  Nexus  
  116  8:38  Probe  
  116  8:40  Photon Cannon  
  117  8:44  Probe  
  117  8:46  Stalker x3  
  117  8:47  Disruptor (Chrono Boost)  
  127  8:50  Photon Cannon  
  127  9:00  Stalker x2  
  127  9:02  Probe  
  129  9:05  Robotics Facility  
  129  9:08  Protoss Ground Weapons Level 2 (Chrono Boost)  
  129  9:09  Pylon  
  129  9:11  Shield Battery, Disruptor (Chrono Boost)  
  129  9:12  Probe  
  133  9:22  Pylon  
  133  9:26  Pylon  
  133  9:27  Probe  
  132  9:34  Probe  
  132  9:36  Probe  
  134  9:39  Zealot x3  
  134  9:42  Observer  
  134  9:43  Gateway  
  141  9:47  Photon Cannon  
  141  9:48  Shield Battery, Gateway  
  141  9:50  Pylon  
  141  9:54  Observer  
  141  9:55  Probe (Chrono Boost)  
  141  9:58  Photon Cannon  
  146  10:01  Probe x2 (Chrono Boost)  
  146  10:03  Probe (Chrono Boost), Assimilator  
  146  10:04  Disruptor (Chrono Boost)  
  146  10:06  Assimilator, Protoss Air Weapons Level 1 (Chrono Boost)  
  149  10:09  Probe (Chrono Boost)  
  149  10:11  Stalker x2  
  154  10:14  Dark Shrine  
  154  10:16  Disruptor (Chrono Boost)  
  154  10:18  Pylon  
  157  10:22  Observer  
  157  10:23  Stalker  
  157  10:24  Stalker  
  157  10:27  Zealot  
  163  10:29  Zealot  
  163  10:32  Stalker  
  163  10:34  Probe  
  166  10:37  Disruptor  
  166  10:38  Shield Battery  
  166  10:40  Photon Cannon  
  169  10:46  Gravitic Boosters  
  169  10:47  Stargate  
  169  10:52  Probe  
  169  10:53  Probe  
  169  10:57  Zealot x5  
  179  11:06  Zealot x5  
  187  11:13  Assimilator  
  187  11:17  Pylon  
  187  11:23  Nexus, Protoss Ground Weapons Level 3 (Chrono Boost)  
  187  11:26  Pylon  
  187  11:27  Disruptor (Chrono Boost)  
  188  11:36  Zealot x2  
  188  11:37  Fleet Beacon  
  190  11:49  Disruptor (Chrono Boost), Stalker x3  
  190  11:54  Zealot x2  
  190  11:55  Disruptor (Chrono Boost)  
  197  12:01  Observer  
  147  12:17  Stalker x8  
  165  12:24  Disruptor (Chrono Boost)  
  165  12:26  Disruptor (Chrono Boost)  
  162  12:31  Observer, Probe  
  162  12:34  Zealot x2  
  162  12:35  Protoss Air Weapons Level 2 (Chrono Boost)  
  167  12:39  Probe  
  167  12:40  Probe  
  169  12:47  Stargate  
  169  12:49  Stargate  
  169  12:51  Photon Cannon  
  169  12:53  Disruptor, Shield Battery  
  169  12:54  Zealot x4  
  169  12:55  Shield Battery, Observer  
  187  13:15  Carrier (Chrono Boost)  
  187  13:16  Observer, Photon Cannon  
  187  13:18  Photon Cannon  
  187  13:19  Shadow Stride (Chrono Boost)  
  186  13:29  Observer  
  186  13:32  Dark Templar  
  189  13:34  Dark Templar  
  189  13:37  Carrier (Chrono Boost)  
  189  13:40  Assimilator  
  189  13:41  Assimilator  
  197  13:57  Nexus  
  195  14:02  Carrier (Chrono Boost)  
  195  14:16  Stargate  
  189  14:17  Disruptor (Chrono Boost)  
  188  14:24  Zealot x6  
  199  14:43  Carrier (Chrono Boost)  
  192  14:46  Robotics Facility  
  192  14:50  Disruptor (Chrono Boost)  
  184  15:01  Protoss Air Weapons Level 3 (Chrono Boost)  
  184  15:05  Carrier (Chrono Boost)  
  195  15:09  Disruptor (Chrono Boost)  
  195  15:11  Carrier (Chrono Boost)  
  183  15:21  Stalker x5  
  184  15:29  Protoss Shields Level 1  
  184  15:33  Dark Templar x3  
  187  15:37  Carrier (Chrono Boost)  
  187  15:39  Photon Cannon  
  187  15:40  Photon Cannon  
  187  15:41  Disruptor  
  190  15:43  Photon Cannon  
  190  15:45  Shield Battery  
  190  15:47  Zealot x5  
  194  16:08  Observer  
  194  16:10  Zealot  
  189  16:26  Carrier x2 (Chrono Boost)  
  195  16:44  Stalker  
  195  16:45  Stalker x2  
  198  16:52  Pylon  
  194  16:59  Observer  
  176  17:16  Stalker x10  
  176  17:19  Observer (Chrono Boost)  
  195  17:22  Nexus  
  193  17:33  Protoss Air Armor Level 1 (Chrono Boost)  
  193  17:34  Observer (Chrono Boost)  
  193  17:36  Disruptor (Chrono Boost)  
  186  17:45  Stalker x7  
  186  17:48  Observer (Chrono Boost)  
  193  17:52  Protoss Shields Level 2 (Chrono Boost)  
  193  17:55  Pylon  
  196  17:58  Pylon  
  196  18:05  Disruptor (Chrono Boost)  
  199  18:07  Disruptor (Chrono Boost)  
  197  18:20  Disruptor (Chrono Boost)  
  200  18:28  Assimilator  
  200  18:30  Photon Cannon  
  200  18:31  Photon Cannon  
  200  18:33  Photon Cannon  
  200  18:35  Photon Cannon  
  200  18:36  Photon Cannon  
  200  18:38  Shield Battery  
  200  18:40  Shield Battery  
  200  18:43  Shield Battery  
  200  18:44  Dark Templar  
  200  18:45  Shield Battery  
  200  19:04  Unknown, Photon Cannon  
  200  19:05  Photon Cannon  
  198  19:16  Carrier (Chrono Boost)  
  192  19:23  Stalker x3  
  199  19:27  Oracle (Chrono Boost)  
  198  19:34  Zealot  
  198  19:36  Protoss Air Armor Level 2 (Chrono Boost)  
  200  19:50  Nexus  
  200  19:51  Gateway  
  200  19:52  Gateway, Pylon  
  200  19:58  Carrier (Chrono Boost)  
  196  20:05  Protoss Shields Level 3 (Chrono Boost)  
  199  20:10  Carrier (Chrono Boost)  
  199  20:11  Disruptor (Chrono Boost)  
  199  20:12  Photon Cannon  
  199  20:13  Photon Cannon  
  199  20:14  Photon Cannon  
  199  20:16  Photon Cannon  
  199  20:20  Photon Cannon  
  199  20:22  Shield Battery  
  199  20:23  Shield Battery  
  199  20:25  Shield Battery  
  196  20:30  Pylon  
  196  20:32  Oracle (Chrono Boost)  
  196  20:34  Pylon  
  198  20:43  Tempest (Chrono Boost)  
  198  20:44  Observer (Chrono Boost)  
  190  20:53  Observer (Chrono Boost)  
  194  21:00  Tempest (Chrono Boost)  
  194  21:02  Tempest (Chrono Boost), Assimilator  
  199  21:07  Assimilator  
  192  21:58  Zealot x5  
  200  22:06  Protoss Air Armor Level 3 (Chrono Boost)  
  192  22:48  Oracle  
  192  22:53  Mothership (Chrono Boost)  
  192  22:54  Protoss Ground Armor Level 1 (Chrono Boost)  
  195  23:14  Stalker x2  
  200  23:38  Observer (Chrono Boost)  
  188  23:47  Stalker x6  
  183  24:08  Oracle (Chrono Boost), Unknown, Tempest (Chrono Boost)  
  183  24:09  Tempest (Chrono Boost)  
  172  24:13  Immortal, Tempest (Chrono Boost)  
  194  24:23  Stalker x9  
  194  24:37  Oracle (Chrono Boost)  
  197  24:42  Oracle (Chrono Boost)  
  200  25:04  Oracle (Chrono Boost)  
  183  25:36  Stalker x8  
  199  26:04  Observer (Chrono Boost)  
  199  26:09  Disruptor (Chrono Boost)  
  200  26:26  Gateway  
  200  26:28  Gateway  
  200  26:29  Gateway  
  200  26:32  Gateway  
  200  26:34  Pylon  
  200  26:35  Gateway  
  200  26:38  Gateway  
  200  26:39  Gateway  
  199  26:41  Gateway  
  199  26:49  Cybernetics Core  
  187  27:02  Stalker x6  
  187  27:03  Observer (Chrono Boost)  
  181  27:45  Stargate  
  181  27:46  Stalker x8  
  181  27:47  Stargate, Stalker  
  181  27:49  Stargate  
  194  27:52  Nexus  
  147  28:37  Tempest (Chrono Boost)  
  147  28:38  Tempest (Chrono Boost), Stalker x5  
  147  28:39  Tempest (Chrono Boost), Stalker x10  
  193  28:46  Pylon  
  190  29:03  Tempest x2  
  190  29:04  Stalker x2  
  190  29:06  Stalker  
  190  29:09  Observer  
  195  29:10  Zealot  
  197  29:18  Nexus  
  195  29:26  Shield Battery  
  195  29:27  Photon Cannon  
  195  29:29  Shield Battery, Dark Templar  
  197  29:33  Forge  
  197  29:35  Observer  
  200  29:40  Disruptor (Chrono Boost)  
  200  29:50  Assimilator  
  200  29:53  Assimilator  
  147  30:58  Tempest x2 (Chrono Boost)  
  147  31:01  Tempest (Chrono Boost)  
  147  31:02  Tempest (Chrono Boost)  
  132  31:07  Zealot x12  
  132  31:08  Zealot x3  
  162  31:12  Tempest (Chrono Boost)  
  159  31:20  Observer (Chrono Boost)  
  160  31:28  Tempest (Chrono Boost)  
  160  31:29  Tempest (Chrono Boost)  
  160  31:32  Tempest x2 (Chrono Boost)  
  180  31:39  Pylon  
  174  31:41  Tempest (Chrono Boost)  
  161  32:00  Zealot x15  
  191  32:05  Tempest (Chrono Boost)  
  196  32:09  Twilight Council  
  191  32:37  Stalker x2  
  191  32:38  Stalker x2  
  191  32:42  Tempest x2 (Chrono Boost)  
  177  33:05  Observer  
  172  33:11  Dark Templar  
  172  33:12  Dark Templar  
  176  33:19  Tempest x2 (Chrono Boost)  
  186  33:25  Tempest x2 (Chrono Boost)  
  187  33:58  Tempest x4 (Chrono Boost)  
  197  34:14  Oracle (Chrono Boost)  
  194  34:30  Tempest  
  194  34:31  Disruptor (Chrono Boost)  
  193  34:38  Disruptor (Chrono Boost)  
  200  34:41  Disruptor (Chrono Boost)  
  125  35:26  Stalker x2  
  125  35:27  Stalker x13  
  114  35:43  Tempest x3  
  114  35:46  Zealot x6  
  126  35:55  Observer (Chrono Boost)  
  126  35:56  Stalker  
  126  35:57  Zealot, Stalker x4  
  137  35:58  Zealot  
  127  36:21  Zealot x13  
  136  36:41  Stalker x5  
  136  36:42  Zealot x8  
  142  36:54  Pylon  
  137  37:08  Stalker x4  
  142  37:09  Zealot x8  
  158  37:19  Observer (Chrono Boost)  
  152  37:36  Zealot x8  
Tags
 
Add a new tag
Caveats
  • Supply blocks, unpowered buildings, or Contaminate may cause inaccurate times.
  • Supply counts are checked every 10 seconds.